 Dungeon Crawl Stone Soup version 0.18-a0-19-g8b99b3a (webtiles) character file.

932 Raultor the Chopper (level 8, -1/48 HPs)
             Began as a Gargoyle Gladiator on Nov 1, 2015.
             Was a Follower of Okawaru.
             Slain by a yak (9 damage)
             ... on level 5 of the Dungeon.
             The game lasted 00:08:26 (3588 turns).

Raultor the Chopper (Gargoyle Gladiator)            Turns: 3588, Time: 00:08:27

Health: -1/48      AC: 17    Str: 22    XL:     8   Next: 11%
Magic:  8/8        EV: 12    Int:  8    God:    Okawaru [*.....]
Gold:   210        SH:  0    Dex: 10    Spells: 0 memorised, 7 levels left

rFire  . . .     SeeInvis .     o - +2 hand axe (elec)
rCold  . . .     Clarity  .     p - +3 ring mail
rNeg   + . .     SustAt   .     (no shield)
rPois  ∞         Gourm    .     c - +0 helmet
rElec  +         Spirit   .     s - +0 cloak
rCorr  .         Warding  .     (no gloves)
rMut   .         Stasis   .     m - +0 pair of boots
MR     .....                    (no amulet)
Stlth  +.........               (no ring)
                                (no ring)

@: not resistant to hostile enchantments, very unstealthy
A: negative energy resistance 1, electricity resistance, unbreathing,
petrification resistance, rot immunity, AC +5
a: Heroism, Renounce Religion


You were on level 5 of the Dungeon.
You worshipped Okawaru.
Okawaru was aware of your devotion.
You were hungry.

You visited 1 branch of the dungeon, and saw 5 of its levels.

You collected 210 gold pieces.

Inventory:

Hand Weapons
 a - a +0 war axe
 o - a +2 hand axe of electrocution (weapon)
Missiles
 d - 3 throwing nets (quivered)
 K - 7 tomahawks
Armour
 b - a +0 leather armour
 c - a +0 helmet (worn)
 m - a +0 pair of boots (worn)
 p - a +3 ring mail (worn)
 r - a +0 ring mail
 s - a +0 cloak (worn)
Jewellery
 t - a +5 ring of strength {unknown}
Wands
 v - a wand of polymorph (7)
 G - a wand of frost (10)
 J - a wand of magic darts (40)
 L - a wand of paralysis (8)
Scrolls
 h - a scroll of amnesia {unknown}
 i - 2 scrolls of fog {unknown}
 j - 2 scrolls of enchant armour {unknown}
 k - a scroll of remove curse {unknown}
 l - 3 scrolls of enchant weapon
 n - 5 scrolls of identify
 w - a scroll of teleportation {unknown}
 y - a scroll of recharging {unknown}
 B - 2 scrolls of magic mapping {unknown}
 E - a scroll of immolation {unknown}
 F - 2 scrolls of fear {unknown}
Potions
 q - 2 potions of curing {unknown}
 z - a potion of brilliance {unknown}
 A - a potion of mutation {unknown}
 C - 2 potions of agility {unknown}
 D - a potion of heal wounds {unknown}
 I - a potion of poison {unknown}
 M - a potion of flight {unknown}
Comestibles
 e - 4 bread rations
 f - 2 slices of pizza
 g - 2 beef jerkies
 u - 3 meat rations
 x - 3 fruits
 H - a royal jelly


   Skills:
 + Level 3.8 Fighting
 * Level 6.0 Axes
 - Level 1.7 Throwing
 + Level 4.2 Armour
 + Level 4.4 Dodging
 - Level 0.5 Stealth


You had 7 spell levels left.
You didn't know any spells.

Dungeon Overview and Level Annotations

Branches:
Dungeon (5/15)
 Temple: D:4-7

Altars:
Okawaru
Vehumet
Xom
Yredelemnul
The Shining One


Innate Abilities, Weirdness & Mutations

You are resistant to torment.
Your stone body is resilient (AC +5).
You are immune to poison.
You resist negative energy.
You are resistant to electric shocks.
You can survive without breathing.
You are immune to petrification.
You are immune to rotting.


Message History

You are too injured to fight recklessly!
You hit the yak but do no damage.
The yak is almost dead.
The yak barely misses you.
You hit the yak but do no damage.
The yak is almost dead.
The yak gores you but does no damage.
You hit the yak.
You kill the yak!
Okawaru is honoured by your kill.
You can now gain great but temporary skills.
Your Axes skill increases to level 6!
Your Armour skill increases to level 4!
You have reached level 8!
You feel stronger.
You barely miss the yak. The yak gores you.
* * * LOW HITPOINT WARNING * * *
You slash the yak!
There is a sudden explosion of sparks!
The yak is heavily wounded.
The yak gores you!
You die...

######
#.##.#################
#..#..........@Y..)...
#..#.#################
#..#.######
###.........#
.......####...#
.......### # ##
#.#.#...... ..#
#......#### #.#
#.#........ #.#


You could see a yak.

Vanquished Creatures
  The ghost of Duffy the Chopper, an amateur CeFi (D:3)
  3 yaks (D:5)
  A hound (D:4)
  The ghost of mrath the Digger, a weakling GrEE (D:4)
  A worker ant (D:4)
  An orc wizard (D:4)
  Terence (D:3)
  3 gnolls (D:3)
  4 adders (D:3)
  An ooze (D:4)
  A worm (D:2)
  4 giant geckos
  7 orcs
  2 ball pythons (D:4)
  10 bats
  7 hobgoblins
  6 jackals
  3 giant cockroaches
  8 giant newts
  6 goblins
  6 kobolds
  2 quokkas
  A quokka skeleton (D:4)
  4 rats
84 creatures vanquished.

Vanquished Creatures (others)
  A plant (D:3)
1 creature vanquished.

Grand Total: 85 creatures vanquished

Notes
Turn   | Place    | Note
--------------------------------------------------------------
     0 | D:1      | Raultor the Gargoyle Gladiator began the quest for the Orb.
     0 | D:1      | Reached XP level 1. HP: 12/12 MP: 1/1
   305 | D:1      | Reached XP level 2. HP: 16/18 MP: 2/2
   879 | D:2      | Reached skill level 3 in Axes
  1011 | D:2      | Found a glowing golden altar of the Shining One.
  1063 | D:2      | Reached XP level 3. HP: 22/22 MP: 3/3
  1551 | D:3      | Reached skill level 1 in Armour
  1665 | D:3      | Reached XP level 4. HP: 22/27 MP: 4/4
  1846 | D:3      | Found a radiant altar of Vehumet.
  1918 | D:3      | Noticed Terence
  1927 | D:3      | Killed Terence
  1968 | D:3      | Noticed Duffy's ghost (amateur CeFi)
  1978 | D:3      | Killed Duffy's ghost
  1978 | D:3      | Reached skill level 4 in Axes
  1978 | D:3      | Reached XP level 5. HP: 8/32 MP: 5/5
  1978 | D:3      | Reached XP level 6. HP: 9/37 MP: 6/6
  2347 | D:3      | Found a faded altar to an unknown god.
  2560 | D:3      | Found a shimmering altar of Xom.
  2618 | D:4      | Noticed mrath's ghost (weakling GrEE)
  2619 | D:4      | Found a basalt altar of Yredelemnul.
  2630 | D:4      | Killed mrath's ghost
  2709 | D:4      | Reached skill level 5 in Axes
  2927 | D:4      | Found an iron altar of Okawaru.
  2951 | D:4      | Became a worshipper of Warmaster Okawaru
  3059 | D:4      | Reached XP level 7. HP: 38/41 MP: 7/7
  3469 | D:5      | Entered Level 5 of the Dungeon
  3562 | D:5      | Noticed a yak
  3563 | D:5      | Noticed a yak
  3564 | D:5      | Noticed a yak
  3565 | D:5      | Noticed a yak
  3571 | D:5      | Killed a yak
  3577 | D:5      | Killed a yak
  3586 | D:5      | Killed a yak
  3586 | D:5      | Reached * piety under Okawaru
  3586 | D:5      | Reached skill level 6 in Axes
  3586 | D:5      | Reached XP level 8. HP: 11/48 MP: 8/8
  3588 | D:5      | Slain by a yak

Vault maps used:
D:1:      onia_arrival_mini_maze, serial_forest, infiniplex_forest_3_way,
          infiniplex_forest_diagonal, infiniplex_forest_straight_2,
          infiniplex_forest_clump_tiny, glass_columns_c
D:2:      tso_altar, minmay_newt_pond
D:3:      tgw_xom, vehumet_crystals, ecumenical_altar_1, saegor_snake_ambush,
          uniq_terence
D:4:      lemuel_crystal_altar, first_bread, minmay_misc_feat_chi,
          okawaru_metal_pillars_1_2
D:5:      serial_shops, shop, uniq_crazy_yiuf_cottage, uniq_menkaure,
          uniq_prince_ribbit1

Action                   |  1- 3 |  4- 6 |  7- 9 || total
-------------------------+-------+-------+-------++-------
Melee: War axe           |    43 |       |       ||    43
       Hand axe          |    73 |    76 |    46 ||   195
  Use: Scroll            |       |       |     1 ||     1
  Eat: Chunk             |     3 |     4 |     1 ||     8
